 Dungeon Crawl Stone Soup version 0.28-a0-1396-gdcb3f3653b (webtiles) character file.

Game seed: 6747311230181849268

876 Peloso the Slasher (level 7, -1/61 HPs)
             Began as a Minotaur Fighter on Jan 5, 2022.
             Slain by a cyclops (19 damage)
             ... on level 6 of the Dungeon.
             The game lasted 00:06:02 (3658 turns).

Peloso the Slasher (Minotaur Fighter)               Turns: 3658, Time: 00:06:03

Health: -1/61      AC: 11    Str: 20    XL:     7   Next: 74%
Magic:  6/6        EV: 10    Int:  5    God:
Gold:   249        SH:  5    Dex: 12    Spells: 6/6 levels left

rFire   . . .      SeeInvis .   a - +0 long sword
rCold   . . .      Faith    .   c - +0 buckler
rNeg    . . .      Spirit   .   k - +4 scale mail {Will+}
rPois   .          Reflect  .   (helmet restricted)
rElec   .          Harm     .   (no cloak)
rCorr   .          Rampage  .   (no gloves)
Will    +....                   (no boots)
Stlth   ..........              h - amulet of regeneration
HPRegen 1.00/turn               (no ring)
MPRegen 0.10/turn               (no ring)

@: mighty
A: horns 2, retaliatory headbutt
a: no special abilities


You were on level 6 of the Dungeon.
You visited 1 branch of the dungeon, and saw 6 of its levels.

You collected 249 gold pieces.

Inventory:

Hand Weapons
 a - a +0 long sword (weapon)
Armour
 b - a +0 scale mail
 c - a +0 buckler (worn)
 k - a +4 scale mail of willpower (worn)
Jewellery
 h - an amulet of regeneration (around neck)
Wands
 m - a wand of charming (9)
Scrolls
 f - a scroll of fog
 g - a scroll of noise
 i - a scroll of holy word {unknown}
 o - a scroll of identify
Potions
 d - a potion of might
 e - a potion of degeneration {unknown}
 j - 2 potions of magic {unknown}
 l - a potion of heal wounds {unknown}
 n - 2 potions of haste {unknown}


   Skills:
 + Level 5.2 Fighting
 + Level 7.2 Long Blades
 + Level 6.4 Armour
 + Level 2.1 Dodging
 + Level 0.1 Stealth
 + Level 5.1 Shields


You had 6 spell levels left.
You didn't know any spells.
Your spell library contained the following spells:

 Spells                   Type           Power      Damage    Failure   Level
 Animate Skeleton         Necr           0%         N/A       80%         1
 Apportation              Tloc           0%         N/A       80%         1
 Summon Small Mammal      Summ           0%         N/A       80%         1


Dungeon Overview and Level Annotations

Branches:
Dungeon (6/15)
 Temple: D:4-7

Altars:
Cheibriados
Hepliaklqana
Kikubaaqudgha
Ru
Sif Muna
Trog

Shops:
D:1 (


Innate Abilities, Weirdness & Mutations

You have a pair of horns on your head.
You reflexively headbutt those who attack you in melee.


Message History

The bullfrog barely misses you.
The bullfrog hits you but does no damage.
You slash the bullfrog!
The bullfrog is heavily wounded.
The bullfrog barely misses you. The bullfrog closely misses you.
You hit the bullfrog. You headbutt the bullfrog.
You kill the bullfrog!
You barely miss the iguana. You headbutt the iguana.
The iguana is moderately wounded.
The iguana bites you.
You barely miss the iguana. You headbutt the iguana!
The iguana is almost dead.
The iguana bites you.
You hit the iguana but do no damage. You headbutt the iguana.
You kill the iguana!
The cyclops hits you.
You hit the cyclops.
The cyclops is lightly wounded.
The cyclops hits you!
You hit the cyclops but do no damage.
The cyclops is lightly wounded.
The cyclops hits you!
You slash the cyclops!
The cyclops is moderately wounded.
You feel very mighty all of a sudden. The cyclops barely misses you.
You furiously retaliate!
You headbutt the cyclops. You barely miss the cyclops.
The cyclops is heavily wounded.
The cyclops hits you!
You hit the cyclops.
The cyclops is heavily wounded.
You slash the cyclops!
The cyclops is severely wounded.
The cyclops hits you.
* * * LOW HITPOINT WARNING * * *
You hit the cyclops. You headbutt the cyclops.
The cyclops is almost dead.
The cyclops hits you!!
You die...

#.# #.# #.# #.# #.# #.# #.# #.#
#.# #.# #.###.############## #.#
#..(.......>........ #.#
#.##.######.################
#.######.# #.# #.......
#........# #.# #.......
###############@#########.......
#.....C...............
#.........#...........
#.........#......C....
#.........#####$......
#.........# #....... #....)....#
#....... #.........# #####...
#.........# ...


You could see a cyclops.

Vanquished Creatures
  A water moccasin (D:5)
  A black bear (D:5)
  A centaur (D:6)
  A bullfrog (D:6)
  A scorpion (D:5)
  2 bullfrog zombies (D:5)
  2 hounds (D:5)
  A jelly (D:6)
  4 iguanas
  Terence (D:2)
  An orc wizard (D:3)
  A killer bee zombie (D:5)
  A hound zombie (D:5)
  6 adders
  An adder skeleton (D:4)
  A worm (D:3)
  3 dart slugs (D:1)
  11 orcs
  7 ball pythons
  6 endoplasms
  5 giant cockroaches
  4 goblins
  8 hobgoblins
  3 jackals (D:1)
  A quokka (D:1)
  6 bats
  3 frilled lizards
  9 kobolds
  5 rats
97 creatures vanquished.

Notes
Turn   | Place    | Note
-------+----------+-------------------------------------------
     0 | D:1      | Peloso the Minotaur Fighter began the quest for the Orb.
     0 | D:1      | Reached XP level 1. HP: 19/19 MP: 0/0
   110 | D:1      | Reached XP level 2. HP: 26/27 MP: 1/1
   595 | D:1      | Reached XP level 3. HP: 28/33 MP: 2/2
   764 | D:1      | Found Tynep's Antique Weapon Shop.
  1072 | D:2      | Reached skill level 3 in Long Blades
  1794 | D:2      | Noticed Terence
  1799 | D:2      | Killed Terence
  1800 | D:2      | Reached XP level 4. HP: 33/40 MP: 3/3
  2037 | D:3      | Reached skill level 5 in Armour
  2056 | D:3      | Found a faded altar of an unknown god.
  2056 | D:3      | Noticed a shining eye
  2060 | D:3      | Reached XP level 5. HP: 41/46 MP: 4/4
  2074 | D:3      | Noticed a shining eye
  2074 | D:3      | Noticed a shining eye
  2074 | D:3      | Noticed a floating eye
  2109 | D:3      | Found a bloodstained altar of Trog.
  2174 | D:3      | Reached skill level 1 in Dodging
  2212 | D:3      | Reached skill level 4 in Long Blades
  2284 | D:3      | Found a snail-covered altar of Cheibriados.
  2284 | D:3      | Found an ancient bone altar of Kikubaaqudgha.
  2297 | D:3      | Found a shimmering blue altar of Sif Muna.
  2299 | D:3      | Found a faded altar of an unknown god.
  2301 | D:3      | Found a sacrificial altar of Ru.
  2541 | D:4      | Noticed an ogre
  2734 | D:4      | Found a hazy altar of Hepliaklqana.
  2786 | D:5      | Entered Level 5 of the Dungeon
  2834 | D:5      | Reached XP level 6. HP: 46/53 MP: 5/5
  2901 | D:5      | Reached skill level 5 in Long Blades
  3117 | D:5      | Noticed a water moccasin
  3132 | D:5      | Killed a water moccasin
  3258 | D:5      | Reached skill level 6 in Long Blades
  3258 | D:5      | Reached XP level 7. HP: 55/60 MP: 6/6
  3375 | D:5      | Reached skill level 5 in Fighting
  3608 | D:6      | Reached skill level 5 in Shields
  3623 | D:6      | Noticed a cyclops
  3625 | D:6      | Reached skill level 7 in Long Blades
  3658 | D:6      | Slain by a cyclops

Illustrated notes

Levels and vault maps discovered:
D:1:      dpeg_arrival_stone_temple_mockup, layout_basic, serial_shops, shop
D:2:      layout_loops_corners, chequers_serial_rivers_room_b, uniq_terence
D:3:      layout_rooms, bloody_trog, chequers_temple_overflow_minitemple,
          hellmonk_ecumenical_altar_watching_god, chequers_serial_rivers_small_b
D:4:      layout_cave_pods, kennysheep_little_box,
          minmay_overflow_temple_star_quad, serial_shops,
          nicolae_shop_hallway_plus
D:5:      layout_loops_cross, kennysheep_small_square
D:6:      layout_basic

Skill      XL: |  1  2  3  4  5  6  7 |
---------------+----------------------+-----
Armour         | 4 5 6 |  6.4
Fighting       | 4 5 |  5.2
Shields        | 4 5 |  5.1
Long Blades    | 3 4 6 7 |  7.2
Dodging        | 1 2 |  2.1
Stealth        | |  0.1

Action                   |  1- 3 |  4- 6 |  7- 9 || total
-------------------------+-------+-------+-------++-------
Melee: Long sword        |    81 |   165 |    41 ||   287
       Headbutt          |    17 |    25 |    12 ||    54
  Use: Scroll            |     2 |     1 |       ||     3
       Potion            |     1 |       |     1 ||     2
Armor: Scale mail        |    38 |    92 |    18 ||   148
Dodge: Dodged            |    40 |    96 |    24 ||   160
Block: Buckler           |    20 |    35 |    11 ||    66

Table legend: (Time is in decaauts)
 A = Elapsed time spent in this place.
 B = Non-inter-level travel time spent in this place.
 C = Inter-level travel time spent in this place.
 D = Time resting spent in this place.
 E = Time spent auto-exploring this place.
 F = Levels seen in this place.
 G = Mean time per level.
                   A        B        C        D        E       F      G
               +--------+--------+--------+--------+--------+-----+--------+
         Total |   3713 |   3620 |     93 |    100 |   2648 |   6 |  618.8 |
       Dungeon |   3713 |   3620 |     93 |    100 |   2648 |   6 |  618.8 |
               +--------+--------+--------+--------+--------+-----+--------+

Top non-repeatable levels by time:
     D:1: 1080 daAuts
     D:2: 925 daAuts
     D:5: 766 daAuts
     D:3: 711 daAuts
     D:6: 116 daAuts
     D:4: 113 daAuts
